 Dungeon Crawl Stone Soup version 0.29-a0-857-g9b1aa3ac5b (webtiles) character file.

Game seed: 2891545158341076787

42 kevlar127 the Ruffian (level 3, -4/55 HPs)
             Began as a Troll Berserker on July 16, 2022.
             Was a Believer of Trog.
             Slain by a black bear (6 damage)
             ... on level 3 of the Dungeon.
             The game lasted 00:02:03 (1102 turns).

kevlar127 the Ruffian (Troll Berserker)             Turns: 1102, Time: 00:02:04

Health: -4/55      AC:  4    Str: 27    XL:     3   Next: 35%
Magic:  2/2        EV: 10    Int:  3    God:    Trog [**....]
Gold:   142        SH:  0    Dex:  9    Spells: 2/2 levels left

rFire   . . .      SeeInvis .     - Unarmed
rCold   . . .      Faith    .   (no shield)
rNeg    . . .      Spirit   .   a - +0 animal skin
rPois   .          Reflect  .   (helmet restricted)
rElec   .          Harm     .   (no cloak)
rCorr   .          Rampage  .   (gloves unavailable)
Will    .....                   (boots unavailable)
Stlth   ..........              (no amulet)
HPRegen 0.98/turn               l - ring of flight
MPRegen 0.08/turn               (no ring)

@: berserking, flying, very quick
A: large, unfitting armour, claws 3, regeneration 1, shaggy fur 1, tough skin 1
a: Renounce Religion, Berserk, Trog's Hand


You were on level 3 of the Dungeon.
You worshipped Trog.
Trog was pleased with you.
You visited 1 branch of the dungeon, and saw 3 of its levels.

You collected 142 gold pieces.

Inventory:

Missiles
 d - 14 boomerangs (quivered)
 f - 3 stones
 h - 2 atropa-tipped darts
 j - 4 silver javelins
Armour
 a - a +0 animal skin (worn)
Jewellery
 l - a ring of flight (left claw)
Scrolls
 e - a scroll of silence {unknown}
 k - a scroll of magic mapping {unknown}
 m - a scroll of blinking {unknown}
 n - a scroll of fear {unknown}
 o - a scroll of enchant weapon {unknown}
Potions
 b - a potion of lignification {unknown}
 c - a potion of curing {unknown}
 g - 2 potions of attraction {unknown}
 i - a potion of degeneration {unknown}
 p - 2 potions of heal wounds {unknown}
 q - a potion of magic {unknown}


   Skills:
 + Level 3.1 Fighting
 - Level 2.4 Dodging
 + Level 3.8 Unarmed Combat


You had 2 spell levels left.
You didn't know any spells.
Your spell library was empty.

Dungeon Overview and Level Annotations

Branches:
Dungeon (3/15)

Altars:


Innate Abilities, Weirdness & Mutations

You are too large for most types of armour.
You have claws for hands.
Your natural rate of healing is unusually fast.
You are covered in fur. (AC +1)
You have tough skin. (AC +1)


Message History

You are too injured to fight recklessly!
You are too injured to fight recklessly!
You are too injured to fight recklessly!
You are too injured to fight recklessly!
You are too injured to fight recklessly!
You are too injured to fight recklessly!
You are too injured to fight recklessly!
You are too injured to fight recklessly!
You are too injured to fight recklessly!
You are too injured to fight recklessly!
You are too injured to fight recklessly!
You are too injured to fight recklessly!
You are too injured to fight recklessly!
You are too injured to fight recklessly!
You are too injured to fight recklessly!
You are too injured to fight recklessly!
You are too injured to fight recklessly!
You are too injured to fight recklessly!
You are too injured to fight recklessly!
You are too injured to fight recklessly!
You are too injured to fight recklessly!
You are too injured to fight recklessly!
You are too injured to fight recklessly!
You are too injured to fight recklessly!
You are too injured to fight recklessly!
You are too injured to fight recklessly!
Unknown command.
A red film seems to cover your vision as you go berserk!
You feel yourself moving faster!
You feel mighty! The black bear bites you.
* * * LOW HITPOINT WARNING * * *
The black bear claws you.
* * * LOW HITPOINT WARNING * * *
The black bear claws you.
* * * LOW HITPOINT WARNING * * *
You barely miss the black bear.
The black bear is almost dead.
The black bear bites you.
* * * LOW HITPOINT WARNING * * *
The black bear barely misses you. The black bear claws you.
You die...

#.# #.# ##### #.# ###
##≈≈≈≈## #.#
#.###≈≈≈≈≈≈## #.#
#........≈≈.. #.#
#.........≈≈. #.#
#.....≈≈....≈
##.###....≈..≈≈..≈
##...##...†@h...≈≈.
##...........≈≈⌠...$
#<............⌠≈≈...
#...........≈≈....≈$.
##.........≈..≈≈..≈..
##.....#..≈....≈≈...
##...##...≈≈.......
#..###....≈≈......
#.## #.###≈≈≈≈


You could see a black bear (berserk).

Vanquished Creatures
  A dart slug (D:2)
  A ball python (D:1)
  2 bats
  An endoplasm (D:2)
  A giant cockroach (D:2)
  A goblin (D:2)
  6 hobgoblins
  12 jackals (D:2)
  3 kobolds
  A quokka (D:2)
  A frilled lizard (D:2)
  3 rats (D:2)
33 creatures vanquished.

Vanquished Creatures (others)
  2 plants (D:2)
2 creatures vanquished.

Grand Total: 35 creatures vanquished

Notes
Turn   | Place    | Note
-------+----------+-------------------------------------------
     0 | D:1      | kevlar127 the Troll Berserker began the quest for the Orb.
     0 | D:1      | Reached XP level 1. HP: 22/22 MP: 0/0
   411 | D:2      | Reached XP level 2. HP: 28/29 MP: 1/1
   448 | D:2      | Identified the +0 ring mail of Yhipp {rElec rPois Int+4
                  | Dex-3}
   753 | D:2      | Reached XP level 3. HP: 31/37 MP: 2/2
   807 | D:2      | Found a faded altar of an unknown god.
   890 | D:2      | Reached ** piety under Trog
  1092 | D:3      | Noticed a black bear
  1102 | D:3      | HP: 2/55 [black bear (5)]
  1102 | D:3      | Slain by a black bear

Illustrated notes

Levels and vault maps discovered:
D:1:      lightli_arrival_noodles, layout_basic, minivault_14
D:2:      layout_loops_cross, shapermc_ecumenical_altar_gd, serial_glass,
          glass_columns_b, glass_columns_a, glass_columns_b, glass_columns_c,
          serial_bayou_crossing
D:3:      cheibrodos_helix_gallery, layout_loops_ring, serial_shops,
          nicolae_diamond_shop, kennysheep_generic_room_5

Skill      XL: |  1  2 |
---------------+-------+-----
Fighting       | 3 |  3.1
Dodging        | |  2.4
Unarmed Combat | |  3.8

Action                   || total
-------------------------++-------
Melee: Unarmed           ||    98
       Punch             ||     5
Invok: Berserk           ||     1
Armor: Animal skin       ||    30
Dodge: Dodged            ||    56

Table legend: (Time is in decaauts)
 A = Elapsed time spent in this place.
 B = Non-inter-level travel time spent in this place.
 C = Inter-level travel time spent in this place.
 D = Time resting spent in this place.
 E = Time spent auto-exploring this place.
 F = Levels seen in this place.
 G = Mean time per level.
                   A        B        C        D        E       F      G
               +--------+--------+--------+--------+--------+-----+--------+
         Total |   1102 |   1088 |     14 |      0 |    888 |   3 |  367.3 |
       Dungeon |   1102 |   1088 |     14 |      0 |    888 |   3 |  367.3 |
               +--------+--------+--------+--------+--------+-----+--------+

Top non-repeatable levels by time:
     D:2: 676 daAuts
     D:1: 405 daAuts
     D:3: 20 daAuts
